 Dungeon Sprint DCSS version 0.30-a0-381-g6ea064c7b4 (webtiles) character file.

Game seed: 6305008605006065764

145094 rocky1 the Conqueror (level 17, -4/226 HPs)
             Began as an Ogre Monk on Dec 1, 2022.
             Was a Priest of Cheibriados.
             Killed by an exploding ball lightning (13 damage)
             ... in the Dungeon (Sprint VII: "The Pits").
             The game lasted 00:40:25 (8694 turns).

rocky1 the Conqueror (Ogre Monk)                    Turns: 8694, Time: 00:40:25

Health: -4/226     AC: 35    Str: 33    XL:     17   Next: 11%
Magic:  12/28      EV: 14    Int: 23    God:    Cheibriados [***...]
Gold:   110        SH: 10    Dex: 19    Spells: 3/16 levels left

rFire   + + +      SeeInvis +    v - +10 morningstar "Eos" {elec, Halo rElec}
rCold   + + .      Faith    .    C - +0 kite shield
rNeg    + + .      Spirit   .    O - +8 gold dragon scales
rPois   +          Reflect  .    M - +0 mask of the Dragon {Will+ Slay+3 SInv}
rElec   +          Harm     .    Y - +2 cloak
rCorr   +          Rampage  .    (gloves unavailable)
Will    ++...      NoTele   +    (boots unavailable)
Stlth   ..........               a - amulet "Guriris" {RegenMP rPois rF+ rN+ Int+4}
HPRegen 0.57/turn                I - ring "Kizerina" {+Blink rF+ rN+ rCorr}
MPRegen 0.61/turn                u - ring "Birror" {rCorr Slay+5 SInv}

@: mighty, resistant, glowing, studying Axes, very slow
A: large, unfitting armour, tough skin 1
}: 1/3 runes: silver
a: Renounce Religion, Evoke Blink, Bend Time, Temporal Distortion


You were in the Dungeon.
You worshipped Cheibriados.
Cheibriados was most pleased with you.
You visited 1 branch You collected 110 gold pieces.

Inventory:

Hand Weapons
 v - the +10 morningstar "Eos" (weapon) {elec, Halo rElec}
   (You found it in the Dungeon)

   It occasionally discharges a powerful burst of electricity upon striking a
   foe.
   It grants its wielder a halo, revealing invisible creatures and increasing
   accuracy against all within it other than the wielder.
   rElec:     It insulates you from electricity.
 w - a +1 broad axe of freezing
 E - the +5 battleaxe "Yseruf" {vamp, Str+6}
   (You found it in the Dungeon)

   It occasionally heals its wielder for a portion of the damage dealt when it
   wounds a living foe.
   Str:       It affects your strength (+6).
 L - the +7 great mace "Firestarter" {inner flame, rF++}
   (You found it in the Dungeon)

   It burns those it strikes, dealing additional fire damage.
   It fills those it strikes with an explosive inner flame.
   It grants immunity to clouds of flame.
   rF:        It greatly protects you from fire.
Missiles
 b - a throwing net
 H - 3 silver javelins (quivered)
 K - 9 boomerangs
 V - 3 javelins
Armour
 C - a +0 kite shield (worn)
 D - a +2 tower shield
 M - the +0 mask of the Dragon (worn) {Will+ Slay+3 SInv}
   (You found it in the Dungeon)

   Slay:      It affects your accuracy & damage with ranged weapons and melee
   (+3).
   SInv:      It lets you see invisible.
   Will:      It increases your willpower.
 O - +8 gold dragon scales (worn)
 Q - the +3 hat of Pondering {ponderous, Will+ MP+10 Int+5}
   (You found it in the Dungeon)

   Int:       It affects your intelligence (+5).
   MP:        It affects your magic capacity (+10).
   Will:      It increases your willpower.
 Y - a +2 cloak (worn)
Jewellery
 a - the amulet "Guriris" (around neck) {RegenMP rPois rF+ rN+ Int+4}
   (You found it in the Dungeon)

   [amulet of magic regeneration]

   It increases your rate of magic regeneration.
   Int:       It affects your intelligence (+4).
   rF:        It protects you from fire.
   rPois:     It protects you from poison.
   rN:        It protects you from negative energy.
 m - the ring "Roraat Poats" {Wiz rPois rN+++ Str-4 SInv}
   (You found it in the Dungeon)

   [ring of wizardry]

   It improves your spell success rate.
   Str:       It affects your strength (-4).
   rPois:     It protects you from poison.
   rN:        It renders you almost immune to negative energy.
   SInv:      It lets you see invisible.
 n - a +6 ring of dexterity
 o - the ring "Mipneatt" {rF+ rN+ Stlth+}
   (You found it in the Dungeon)

   [ring of positive energy]

   rF:        It protects you from fire.
   rN:        It protects you from negative energy.
   Stlth:     It makes you more stealthy.
 p - the ring of the Duke {rElec rPois}
   (You found it in the Dungeon)

   [ring of poison resistance]

   rElec:     It insulates you from electricity.
   rPois:     It protects you from poison.
 t - the ring "Afon" {rElec rC+ Str+3 Dex+4 Slay+2}
   (You found it in the Dungeon)

   [ring of protection from cold]

   Str:       It affects your strength (+3).
   Dex:       It affects your dexterity (+4).
   Slay:      It affects your accuracy & damage with ranged weapons and melee
   (+2).
   rC:        It protects you from cold.
   rElec:     It insulates you from electricity.
 u - the ring "Birror" (right hand) {rCorr Slay+5 SInv}
   (You found it in the Dungeon)

   [ring of slaying]

   Slay:      It affects your accuracy & damage with ranged weapons and melee
   (+5).
   SInv:      It lets you see invisible.
   rCorr:     It protects you from acid and corrosion.
 x - the amulet "Kemor" {RegenMP rElec rN+ Regen+ Int+3}
   (You found it in the Dungeon)

   [amulet of magic regeneration]

   It increases your rate of magic regeneration.
   Int:       It affects your intelligence (+3).
   rElec:     It insulates you from electricity.
   rN:        It protects you from negative energy.
   Regen:     It increases your rate of health regeneration.
 G - the ring of Kucvais {rC+ Will+ rCorr}
   (You found it in the Dungeon)

   [ring of protection from cold]

   rC:        It protects you from cold.
   rCorr:     It protects you from acid and corrosion.
   Will:      It increases your willpower.
 I - the ring "Kizerina" (left hand) {+Blink rF+ rN+ rCorr}
   (You found it in the Dungeon)

   [ring of protection from fire]

   rF:        It protects you from fire.
   rN:        It protects you from negative energy.
   +Blink:    It lets you blink.
   rCorr:     It protects you from acid and corrosion.
Wands
 s - a wand of light (14)
 R - a wand of iceblast (8)
 U - a wand of mindburst (9)
Scrolls
 i - 3 scrolls of blinking
 k - 6 scrolls of amnesia
 l - 2 scrolls of summoning
 r - a scroll of brand weapon
 y - 7 scrolls of butterflies
 z - 5 scrolls of fear
 B - 4 scrolls of enchant armour
 F - 8 scrolls of identify
Potions
 c - a potion of ambrosia
 d - 16 potions of curing
 e - 2 potions of heal wounds
 g - 5 potions of magic
 h - 4 potions of berserk rage
 j - 2 potions of invisibility
 A - a potion of might
 S - 4 potions of mutation
 W - a potion of resistance
 X - 2 potions of brilliance
Miscellaneous
 f - a condenser vane
 q - a phial of floods


   Skills:
 O Level 27 Fighting
 + Level 9.7(21.3) Axes
 O Level 27 Maces & Flails
 - Level 3.0 Throwing
 + Level 19.5 Armour
 + Level 20.0 Dodging
 - Level 8.2 Stealth
 + Level 6.7 Shields
 - Level 15.9 Invocations
 + Level 12.9 Evocations


You had 3 spell levels left.
You knew the following spells:

 Your Spells              Type           Power      Damage    Failure   Level
a - Silence               Hex/Air        0%         N/A       100%        5
b - Lehudib's Crystal Sp  Conj/Erth      0%         10d2      100%        8

Your spell library contained the following spells:

 Spells                   Type           Power      Damage    Failure   Level
 Summon Small Mammal      Summ           0%         N/A       96%         1
 Cigotuvi's Dreadful Rot  Necr/Pois/Air  0%         N/A       99%         2
 Ensorcelled Hibernation  Hex/Ice        0%         N/A       99%         2
 Passwall                 Tmut/Erth      0%         N/A       99%         2
 Poisonous Vapours        Pois/Air       0%         N/A       99%         2
 Call Canine Familiar     Summ           0%         N/A       100%        3
 Frozen Ramparts          Ice            0%         1d1       100%        3
 Hailstorm                Conj/Ice       0%         3d3       100%        3
 Mephitic Cloud           Conj/Pois/Air  0%         N/A       100%        3
 Ozocubu's Armour         Ice            0%         N/A       100%        3
 Portal Projectile        Hex/Tloc       0%         N/A       100%        3
 Summon Guardian Golem    Hex/Summ       0%         N/A       100%        3
 Swiftness                Air            0%         N/A       100%        3
 Anguish                  Hex/Necr       0%         N/A       100%        4
 Animate Armour           Summ/Erth      0%         N/A       100%        4
 Dispel Undead            Necr           0%         3d6       100%        4
 Fulminant Prism          Conj/Hex       0%         3d5       100%        4
 Iskenderun's Mystic Bla  Conj/Tloc      0%         2d3       100%        4
 Leda's Liquefaction      Hex/Erth       0%         N/A       100%        4
 Manifold Assault         Tloc           0%         N/A       100%        4
 Olgreb's Toxic Radiance  Pois           0%         N/A       100%        4
 Passage of Golubria      Tloc           0%         N/A       100%        4
 Petrify                  Tmut/Erth      0%         N/A       100%        4
 Summon Ice Beast         Ice/Summ       0%         N/A       100%        4
 Alistair's Intoxication  Tmut/Pois      0%         N/A       100%        5
 Blade Hands              Tmut           0%         N/A       100%        5
 Fireball                 Conj/Fire      0%         3d3       100%        5
 Iskenderun's Battlesphe  Conj           0%         2d6       100%        5
 Metabolic Englaciation   Hex/Ice        0%         N/A       100%        5
 Summon Forest            Summ/Tloc      0%         N/A       100%        5
 Summon Mana Viper        Hex/Summ       0%         N/A       100%        5
 Conjure Ball Lightning   Conj/Air       0%         3x3d6     100%        6
 Iron Shot                Conj/Erth      0%         9d1       100%        6
 Simulacrum               Ice/Necr       0%         N/A       100%        6
 Statue Form              Tmut/Erth      0%         N/A       100%        6
 Summon Cactus Giant      Summ           0%         N/A       100%        6
 Enfeeble                 Hex            0%         N/A       100%        7
 Haunt                    Necr/Summ      0%         N/A       100%        7
 Orb of Destruction       Conj           0%         9d5       100%        7
 Summon Horrible Things   Summ           0%         N/A       100%        8
 Chain Lightning          Conj/Air       0%         N/A       100%        9
 Polar Vortex             Ice            0%         N/A       100%        9


Dungeon Overview and Level Annotations

Branches:
Dungeon (1/1)

Altars:
Ashenzari
Cheibriados
Dithmenos
Elyvilon
Fedhas
Gozag
Hepliaklqana
Kikubaaqudgha
Makhleb
Nemelex Xobeh
Okawaru
Qazlal
Ru
Sif Muna
Trog
Uskayaw
Vehumet
Wu Jian
Xom
Yredelemnul
Zin
The Shining One
Jiyva
Lugonu

Annotations:
D Lom Lobon


Innate Abilities, Weirdness & Mutations

You are too large for most types of armour.
You have tough skin. (AC +1)


Message History

The ice encasing you melts away.
You feel much better.
Lom Lobon opens the door.
Okay, then.
Unknown command.
Okay, then.
Lom Lobon hits you but does no damage.
There is an open door here.
You bludgeon Lom Lobon!!
Lom Lobon is heavily wounded.
You block Lom Lobon's attack.
You crush Lom Lobon like a grape!!!
Lom Lobon is severely wounded.
Lom Lobon gestures. 3 ball lightnings come into view.
You impale Lom Lobon!!
Lom Lobon is severely wounded.
The ball lightning explodes!
The blast of lightning engulfs the ball lightning.
The ball lightning completely resists.
The blast of lightning engulfs Lom Lobon.
Lom Lobon completely resists.
The blast of lightning engulfs the ball lightning.
The ball lightning completely resists.
The blast of lightning engulfs you! You resist.
* * * LOW HITPOINT WARNING * * *
Lom Lobon gestures.
Lom Lobon blinks!
You hear a deafening roar!
Unknown command.
Okay, then.
Unknown command.
Blink to where?
Press: ? - help, Dir - move target
As you read the scroll of blinking, it crumbles to dust.
The ball lightning explodes!
The blast of lightning engulfs the ball lightning.
The ball lightning completely resists.
The blast of lightning engulfs Lom Lobon.
Lom Lobon completely resists.
The blast of lightning engulfs you! You resist.
You die...

#+#
##@##
#..&#
+..*#
##§##
#§#
#†#
#'#
#°#
#[#


You could see Lom Lobon (gusty) and a ball lightning (wandering).

Vanquished Creatures
  An ancient lich (D)
  Boris (D)
  A royal mummy (D)
  the Lernaean hydra (D)
  2 bone dragons (D)
  A Brimstone Fiend (D)
  2 Hell Sentinels (D)
  Rupert (D)
  A lich (D)
  A deep elf master archer (D)
  3 titans (D)
  Frances (D)
  2 shadow dragons (D)
  An azure jelly (D)
  3 draconian monks (D)
  3 nagarajas (D)
  2 frost giants (D)
  Ilsuiw (D)
  2 deep elf sorcerers (D)
  Aizul (D)
  An iron dragon (D)
  Louise (D)
  A draconian scorcher (D)
  2 orc warlords (D)
  An angel (D)
  A draconian stormcaller (D)
  A spriggan defender (D)
  An ophan (D)
  2 vampire knights (D)
  An apis (D)
  2 green draconians (D)
  Azrael (D)
  A lorocyproca (D)
  A black draconian (D)
  2 deep elf annihilators (D)
  A purple draconian (D)
  2 white draconians (D)
  2 red draconians (D)
  3 deep elf death magi (D)
  An eidolon (D)
  Snorg (D)
  2 blizzard demons (D)
  2 fire dragons (D)
  2 merfolk javelineers (D)
  3 yaktaur captains (D)
  2 deep elf high priests (D)
  2 hydras (D)
  A centaur warrior (D)
  A catoblepas (D)
  An ogre mage (D)
  15 vault guards (D)
  A boulder beetle (D)
  Erica (D)
  2 anacondas (D)
  A death knight (D)
  2 naga warriors (D)
  An alligator (D)
  A vampire mage (D)
  3 hell hogs (D)
  An alligator snapping turtle (D)
  11 hell knights (D)
  2 deep elf knights (D)
  Nergalle (D)
  A sun demon (D)
  2 iron trolls (D)
  A salamander mystic (D)
  A cherub (D)
  5 skeletal warriors (D)
  2 bog bodies (D)
  A sea snake (D)
  12 wizards (D)
  9 orc knights (D)
  A lindwurm (D)
  5 necromancers (D)
  2 manticores (D)
  2 ugly things (D)
  5 elephants (D)
  A moth of wrath (D)
  3 naga magi (D)
  A merfolk siren (D)
  2 rust devils (D)
  A smoke demon (D)
  3 cane toads (D)
  A molten gargoyle (D)
  A gargoyle (D)
  10 yaktaurs (D)
  A demonic crawler (D)
  A rime drake (D)
  An efreet (D)
  A freezing wraith (D)
  A guardian mummy (D)
  4 merfolk (D)
  An ice devil (D)
  A polar bear (D)
  A troll (D)
  A hornet (D)
  A wind drake (D)
  A tyrant leech (D)
  A slime creature (shapeshifter) (D)
  A shadow (D)
  2 vampires (D)
  A wraith (D)
  4 spriggans (D)
  5 yaks (D)
  15 humans (D)
  A steam dragon (D)
  A chaos spawn (D)
  3 redbacks (D)
  A warg (D)
  A naga (D)
  A large abomination (D)
  A floating eye (D)
  An ice beast (D)
  3 sky beasts (D)
  2 ogres (D)
  A black bear (D)
  2 centaurs (D)
  Blork the orc (D)
  A necrophage (D)
  A scorpion (D)
  4 wights (D)
  A crimson imp (D)
  A hound (shapeshifter) (D)
  A hound (D)
  An orc priest (D)
  Jessica (D)
  Ijyb (D)
  An orc wizard (D)
  A gnoll (D)
  2 adders (D)
  A river rat (D)
  An adder zombie (D)
  2 adder skeletons (D)
  2 orcs (D)
  A bat (D)
  A bat zombie (D)
  2 hobgoblins (D)
  2 quokkas (D)
  3 ball pythons (D)
  A ball python zombie (D)
  2 bat simulacra (D)
  A frilled lizard (D)
  A jackal zombie (D)
  A rat (D)
  2 ball lightnings (D)
292 creatures vanquished.

Vanquished Creatures (others)
  A hellephant (D)
  A sphinx (D)
  A catoblepas (D)
  A wizard (D)
  An air elemental (D)
  A floating eye (D)
  10 ball lightnings (D)
16 creatures vanquished.

Grand Total: 308 creatures vanquished

Notes
Turn   | Place    | Note
-------+----------+-------------------------------------------
     0 | D        | rocky1 the Ogre Monk began the quest for the Orb.
     0 | D        | Reached XP level 1. HP: 24/24 MP: 1/1
    46 | D        | Found a bloodstained altar of Trog.
    46 | D        | Found a shimmering blue altar of Sif Muna.
    46 | D        | Found a viscous altar of Jiyva.
    46 | D        | Found a hazy altar of Hepliaklqana.
    46 | D        | Found an opulent altar of Gozag.
    47 | D        | Found a glowing golden altar of the Shining One.
    47 | D        | Found a glowing silver altar of Zin.
    47 | D        | Found a basalt altar of Yredelemnul.
    47 | D        | Found a shimmering altar of Xom.
    47 | D        | Found an ornate altar of the Wu Jian Council.
    47 | D        | Found a sacrificial altar of Ru.
    47 | D        | Found a stormy altar of Qazlal.
    47 | D        | Found an iron altar of Okawaru.
    47 | D        | Found a sparkling altar of Nemelex Xobeh.
    47 | D        | Found a burning altar of Makhleb.
    47 | D        | Found a blossoming altar of Fedhas.
    47 | D        | Found a white marble altar of Elyvilon.
    47 | D        | Found a shadowy altar of Dithmenos.
    47 | D        | Found a snail-covered altar of Cheibriados.
    50 | D        | Found a corrupted altar of Lugonu.
    50 | D        | Found a radiant altar of Vehumet.
    51 | D        | Found an ancient bone altar of Kikubaaqudgha.
    51 | D        | Found a hide-covered altar of Uskayaw.
    51 | D        | Found a broken altar of Ashenzari.
    58 | D        | Became a worshipper of Cheibriados the Contemplative
    58 | D        | Reached * piety under Cheibriados
    58 | D        | Reached ** piety under Cheibriados
   179 | D        | Noticed a floating eye
   180 | D        | Paralysed by a floating eye for 3 turns
   186 | D        | Killed a floating eye
   186 | D        | Reached *** piety under Cheibriados
   187 | D        | Reached skill level 5 in Maces & Flails
   187 | D        | Reached XP level 2. HP: 37/37 MP: 1/4
   187 | D        | Reached XP level 3. HP: 45/45 MP: 1/5
   187 | D        | Reached XP level 4. HP: 53/53 MP: 1/6
   257 | D        | Reached skill level 5 in Dodging
   257 | D        | Reached XP level 5. HP: 59/61 MP: 8/8
   259 | D        | Reached **** piety under Cheibriados
   443 | D        | Noticed a warg
   448 | D        | Reached ***** piety under Cheibriados
   449 | D        | Reached skill level 5 in Invocations
   454 | D        | Reached XP level 6. HP: 28/72 MP: 8/10
   459 | D        | Killed a warg
   637 | D        | Reached XP level 7. HP: 71/83 MP: 5/12
   638 | D        | Noticed Blork the orc
   645 | D        | Killed Blork the orc
   726 | D        | Noticed a polar bear
   732 | D        | Killed a polar bear
   732 | D        | Reached ****** piety under Cheibriados
   733 | D        | Reached skill level 10 in Fighting
   733 | D        | Reached skill level 5 in Stealth
   733 | D        | Reached XP level 8. HP: 62/93 MP: 12/14
   828 | D        | Reached skill level 10 in Maces & Flails
   914 | D        | Noticed Ijyb
   914 | D        | Noticed a manticore
   919 | D        | Killed a manticore
   920 | D        | Killed Ijyb
   999 | D        | Found the +10 morningstar "Eos" {elec, Halo rElec}
  1108 | D        | Noticed a cane toad
  1115 | D        | Killed a cane toad
  1116 | D        | Reached XP level 9. HP: 68/106 MP: 14/16
  1253 | D        | Noticed a gargoyle
  1256 | D        | Noticed a smoke demon
  1259 | D        | Killed a gargoyle
  1260 | D        | Reached skill level 10 in Invocations
  1262 | D        | Killed a smoke demon
  1571 | D        | Noticed an ice devil
  1578 | D        | HP: 5/109 [ice devil (23)]
  1579 | D        | Killed an ice devil
  1860 | D        | Reached XP level 10. HP: 118/118 MP: 18/18
  1871 | D        | Noticed a cane toad
  1877 | D        | Killed a cane toad
  2005 | D        | Upgraded the game from 0.30-a0-377-g5cb311bc9f to
                  | 0.30-a0-381-g6ea064c7b4
  2005 | D        | Noticed a bog body
  2008 | D        | Killed a bog body
  2014 | D        | Noticed an alligator snapping turtle
  2029 | D        | Killed an alligator snapping turtle
  2264 | D        | Noticed a demonic crawler
  2264 | D        | Noticed Jessica
  2265 | D        | Noticed a manticore
  2265 | D        | Noticed an eidolon
  2266 | D        | Killed Jessica
  2267 | D        | Killed a demonic crawler
  2268 | D        | Reached XP level 11. HP: 128/131 MP: 9/21
  2268 | D        | Killed a manticore
  2269 | D        | Noticed a lindwurm
  2271 | D        | Killed an eidolon
  2272 | D        | Reached skill level 15 in Maces & Flails
  2275 | D        | Killed a lindwurm
  2280 | D        | Reached skill level 15 in Invocations
  2518 | D        | Noticed Erica
  2524 | D        | Killed Erica
  2525 | D        | Reached skill level 15 in Fighting
  2651 | D        | Noticed a four-headed hydra
  2658 | D        | Killed a four-headed hydra
  2659 | D        | Reached skill level 1 in Armour
  2816 | D        | Noticed an anaconda
  2823 | D        | Killed an anaconda
  2860 | D        | Noticed a merfolk javelineer
  2875 | D        | Killed a merfolk javelineer
  2927 | D        | Reached skill level 10 in Dodging
  2995 | D        | Noticed a sun demon
  2995 | D        | Noticed a sea snake
  2999 | D        | Killed a sun demon
  3002 | D        | Killed a sea snake
  3003 | D        | Reached XP level 12. HP: 101/146 MP: 23/23
  3120 | D        | Noticed a fire dragon
  3128 | D        | Killed a fire dragon
  3129 | D        | Reached skill level 5 in Armour
  3140 | D        | Got the amulet of Creativity {RegenMP Str+3}
  3254 | D        | Noticed an orc warlord
  3285 | D        | Killed an orc warlord
  3377 | D        | Noticed an orc warlord
  3384 | D        | Killed an orc warlord
  3385 | D        | Reached skill level 1 in Throwing
  3611 | D        | Reached XP level 13. HP: 125/163 MP: 24/24
  3819 | D        | Noticed a yaktaur captain
  3829 | D        | Killed a yaktaur captain
  3838 | D        | Noticed a vault guard
  3842 | D        | Killed a vault guard
  3842 | D        | Noticed a yaktaur captain
  3852 | D        | Killed a yaktaur captain
  3868 | D        | Noticed a vault guard
  3875 | D        | Killed a vault guard
  4438 | D        | Found the +7 great mace "Firestarter" {inner flame, rF++}
  4519 | D        | Noticed a vault guard
  4528 | D        | Killed a vault guard
  4529 | D        | Reached skill level 10 in Armour
  4658 | D        | Found the +0 mask of the Dragon {Will+ Slay+3 SInv}
  4725 | D        | Found the +3 hat of Pondering {ponderous, Will+ MP+10
                  | Int+5}
  4815 | D        | Noticed a green draconian
  4824 | D        | Killed a green draconian
  4866 | D        | Noticed a red draconian scorcher
  4866 | D        | Noticed a red draconian
  4866 | D        | Noticed a deep elf sorcerer
  4866 | D        | Noticed a deep elf annihilator
  4866 | D        | Noticed a green draconian monk
  4867 | D        | Noticed a deep elf sorcerer
  4870 | D        | Killed a red draconian scorcher
  4870 | D        | Killed a deep elf sorcerer
  4870 | D        | Killed a deep elf sorcerer
  4871 | D        | Noticed Frances
  4871 | D        | Noticed a deep elf death mage
  4875 | D        | Killed a green draconian monk
  4876 | D        | Killed a deep elf annihilator
  4876 | D        | Noticed a green draconian
  4876 | D        | Noticed a green draconian monk
  4880 | D        | Killed a deep elf death mage
  4881 | D        | Killed Frances
  4882 | D        | Reached XP level 14. HP: 99/183 MP: 5/25
  4882 | D        | Killed a green draconian
  4885 | D        | Killed a red draconian
  5051 | D        | Noticed a nagaraja
  5053 | D        | Noticed a white draconian stormcaller
  5061 | D        | Killed a nagaraja
  5065 | D        | Killed a white draconian stormcaller
  5084 | D        | Killed a green draconian monk
  5366 | D        | Got the Secrets of Chthonic Intoxication
  5370 | D        | Got Wizardry in Simple Steps
  5395 | D        | Got Doac Onn's Guidebook on Curses
  5396 | D        | Noticed a lich
  5403 | D        | Killed a lich
  5470 | D        | Learned a level 5 spell: Silence
  5479 | D        | Learned a level 8 spell: Lehudib's Crystal Spear
  5499 | D        | Got the Discursus on Lightning and the Impact
  5503 | D        | Noticed a deep elf master archer
  5503 | D        | Noticed a black draconian
  5506 | D        | Noticed a nagaraja
  5508 | D        | Noticed a shadow dragon
  5509 | D        | Killed a black draconian
  5519 | D        | Killed a shadow dragon
  5523 | D        | Killed a nagaraja
  5527 | D        | Killed a deep elf master archer
  5745 | D        | Noticed a vampire knight
  5759 | D        | Killed a vampire knight
  5973 | D        | Got the amulet "Guriris" {RegenMP rPois rF+ rN+ Int+4}
  5975 | D        | Got the amulet "Gumo Jok" {Reflect rElec SH+5}
  5977 | D        | Got the amulet of the Coward {rElec rC+++ Regen+ Str-5
                  | Dex-4}
  5979 | D        | Got the amulet "Lamude" {rElec Will- Regen+ Str+3}
  5981 | D        | Got the amulet "Newnomic" {Reflect Int+2 SH+5}
  5983 | D        | Got the ring "Mipneatt" {rF+ rN+ Stlth+}
  5985 | D        | Got the amulet of Esumoag {Reflect rN+ Slay+3 SH+5}
  5987 | D        | Got the amulet "Owuethr Gion" {Spirit rC+ Will+}
  5989 | D        | Got the amulet of Saptaall {Spirit +Blink +Inv Int+4
                  | Slay+3}
  5991 | D        | Got the amulet "Erucaesh" {Reflect MP+9 SH+5 Stlth+}
  5993 | D        | Got the ring "Birror" {rCorr Slay+5 SInv}
  5995 | D        | Got the amulet "Kemor" {RegenMP rElec rN+ Regen+ Int+3}
  5997 | D        | Got the amulet of the Pharaoh's Fist {Fly Regen+ Str+2
                  | Dex+3}
  6033 | D        | Got the ring "Wiybluce" {rF- Will+ Str+3 Dex+4}
  6035 | D        | Got the ring "Roraat Poats" {Wiz rPois rN+++ Str-4 SInv}
  6037 | D        | Got the ring of Afaess {Str+2 Int+3 Slay-2 SInv}
  6039 | D        | Got the ring of the Duke {rElec rPois}
  6043 | D        | Got the ring "Qighemud" {*Corrode rPois Int+6 Dex+6}
  6045 | D        | Got the ring "Afon" {rElec rC+ Str+3 Dex+4 Slay+2}
  6047 | D        | Got the ring of the Madman {Ice rN+ Will+ Int+4}
  6051 | D        | Got the ring of Kucvais {rC+ Will+ rCorr}
  6053 | D        | Got the ring "Kizerina" {+Blink rF+ rN+ rCorr}
  6055 | D        | Got the ring of Zuloothryelo {rPois rC+}
  6092 | D        | Noticed a Hell Sentinel
  6102 | D        | Killed a Hell Sentinel
  6204 | D        | Noticed a shadow dragon
  6206 | D        | Killed a shadow dragon
  6299 | D        | Noticed a white draconian
  6309 | D        | Killed a white draconian
  6312 | D        | Noticed an apis
  6313 | D        | Killed an apis
  6335 | D        | Reached skill level 15 in Dodging
  6351 | D        | Reached skill level 1 in Evocations
  6357 | D        | Noticed Azrael
  6360 | D        | Killed Azrael
  6361 | D        | Reached XP level 15. HP: 138/198 MP: 26/26
  6364 | D        | Noticed Snorg
  6370 | D        | Killed Snorg
  6526 | D        | Got the Handbook of Glaciation
  6577 | D        | Noticed Rupert
  6577 | D        | Paralysed by Rupert for 2 turns
  6586 | D        | Killed Rupert
  6852 | D        | Noticed a frost giant
  6858 | D        | Killed a frost giant
  6859 | D        | Reached skill level 15 in Armour
  6863 | D        | Noticed Nergalle
  6871 | D        | Noticed an angel
  6874 | D        | Noticed a frost giant
  6876 | D        | Killed an angel
  6876 | D        | Killed Nergalle
  6878 | D        | Killed a frost giant
  6884 | D        | Reached skill level 5 in Evocations
  6884 | D        | Noticed a nagaraja
  6895 | D        | Killed a nagaraja
  7280 | D        | Noticed an iron dragon
  7288 | D        | Killed an iron dragon
  7322 | D        | Noticed Ilsuiw
  7329 | D        | Noticed Aizul
  7329 | D        | Noticed a bone dragon
  7330 | D        | Noticed a Brimstone Fiend
  7331 | D        | Noticed a titan
  7333 | D        | Killed Aizul
  7334 | D        | Noticed the 27-headed Lernaean hydra
  7334 | D        | Noticed a bone dragon
  7337 | D        | Killed Ilsuiw
  7339 | D        | Noticed a Hell Sentinel
  7346 | D        | Killed a bone dragon
  7346 | D        | Killed a titan
  7351 | D        | Killed a Brimstone Fiend
  7353 | D        | Killed the 27-headed Lernaean hydra
  7354 | D        | Reached XP level 16. HP: 40/215 MP: 8/27
  7354 | D        | Killed a Hell Sentinel
  7356 | D        | Killed a bone dragon
  7356 | D        | HP: 8/215 [spore (6)]
  7357 | D        | Reached skill level 27 in Fighting
  7964 | D        | Noticed Louise
  7976 | D        | Killed Louise
  7977 | D        | Reached skill level 10 in Evocations
  8004 | D        | Reached skill level 27 in Maces & Flails
  8037 | D        | Got Zenax Tel's Compendium of Curses and the Comitatus
  8198 | D        | Got a silver rune of Zot
  8273 | D        | Got the +5 battleaxe "Yseruf" {vamp, Str+6}
  8377 | D        | Noticed a royal mummy
  8383 | D        | Killed a royal mummy
  8386 | D        | Noticed Boris
  8392 | D        | Killed Boris
  8393 | D        | Reached skill level 5 in Axes
  8495 | D        | Noticed a titan
  8500 | D        | Killed a titan
  8502 | D        | Noticed an azure jelly
  8508 | D        | Killed an azure jelly
  8593 | D        | Noticed a hellephant
  8593 | D        | Noticed a sphinx
  8593 | D        | Noticed Lom Lobon
  8593 | D        | Noticed a green draconian monk
  8593 | D        | Noticed a titan
  8593 | D        | Noticed an ancient lich
  8600 | D        | Killed an ancient lich
  8601 | D        | Reached skill level 5 in Shields
  8601 | D        | Reached XP level 17. HP: 223/226 MP: 28/28
  8632 | D        | Killed a sphinx
  8649 | D        | Killed a titan
  8654 | D        | Killed a hellephant
  8678 | D        | HP: 11/226 [Lom Lobon/vortex (4)]
  8683 | D        | HP: 2/226 [Lom Lobon/great icy blast (57)]
  8693 | D        | HP: 9/226 [spore (17)]
  8694 | D        | Killed by an exploding ball lightning

Illustrated notes

Levels and vault maps discovered:
D:        pitsprint [storerooms_1, entrance_room_1, metal_vault_7, armoury_2,
          mini_pit_1, grid_room_1, main_hall_1, silver_pit, the_coven_3,
          the_vestibule_1, steel_vault_5, golden_pit, hallway_of_sentries,
          crystal_vault_4, iron_vault_2, final_vault]

Skill      XL: |  1  2  3  4  5  6  7  8  9 10 11 12 13 14 15 16 17 |
---------------+----------------------------------------------------+-----
Maces & Flails | 5 7 8 9 11 13 14 16 18 20 22 24 27 | 27.0
Dodging        | 4 5 6 7 8 10 11 13 15 17 19 20 | 20.0
Fighting       | 6 8 9 10 11 12 14 16 19 22 24 26 27 | 27.0
Stealth        | 2 3 4 5 6 7 8 |  8.2
Invocations    | 3 4 5 6 8 9 11 13 15 | 15.9
Armour         | 3 7 11 14 17 19 | 19.5
Throwing       | 1 3 |  3.0
Evocations     | 1 8 12 | 12.9
Axes           | 8 9 |  9.7
Shields        | 5 6 |  6.7

Action                   |  1- 3 |  4- 6 |  7- 9 | 10-12 | 13-15 | 16-18 || total
-------------------------+-------+-------+-------+-------+-------+-------++-------
Melee: Mace              |    13 |    20 |       |       |       |       ||    33
       Flail             |       |    11 |       |       |       |       ||    11
       Morningstar       |       |       |    51 |    98 |   131 |    54 ||   334
       Punch             |       |       |     1 |     1 |     2 |       ||     4
       Great mace        |       |       |       |       |   116 |    44 ||   160
Throw: Javelin           |       |       |       |     3 |       |       ||     3
Invok: Slouch            |       |     1 |     3 |    19 |    39 |    16 ||    78
 Abil: Evoke Blink       |       |       |       |       |       |     1 ||     1
Evoke: Wand              |       |       |       |       |       |     1 ||     1
       Condenser vane    |       |       |       |       |       |     2 ||     2
  Use: Potion            |       |     2 |     2 |     5 |    10 |    18 ||    37
       Scroll            |       |       |       |     1 |       |     3 ||     4
 Stab: Sleeping          |     3 |       |     5 |       |       |       ||     8
       Petrified         |       |       |       |       |     1 |     3 ||     4
Armor: Robe              |     4 |     4 |     9 |       |       |       ||    17
       Steam dragon scal |       |       |     3 |     3 |       |       ||     6
       Troll leather arm |       |       |       |     9 |       |       ||     9
       Fire dragon scale |       |       |       |     4 |    16 |       ||    20
       Gold dragon scale |       |       |       |       |   129 |    59 ||   188
Dodge: Dodged            |     6 |    14 |    38 |    89 |   178 |    45 ||   370
Block: Kite shield       |       |       |       |       |       |    18 ||    18

Table legend: (Time is in decaauts) A = Elapsed time spent in this place. B = Non-inter-level travel time spent in this place. C = Inter-level travel time spent in this place. D = Time resting spent in this place. E = Time spent auto-exploring this place. F = Levels seen in this place. G = Mean time per level. A B C D E F G +--------+--------+--------+--------+--------+-----+--------+ Total | 10291 | 10006 | 285 | 5751 | 0 | 1 | 10291.0 | Dungeon | 10291 | 10006 | 285 | 5751 | 0 | 1 | 10291.0 | +--------+--------+--------+--------+--------+-----+--------+

Top non-repeatable levels by time:
       D: 10291 daAuts
